 Dungeon Crawl Stone Soup version 0.31.0-9-g3a7656b989 (webtiles) character file.

Game seed: 14953635347649123581

139 Arctor the Slasher (level 5, -3/41 HPs)
             Began as a Demonspawn Gladiator on Jan 24, 2024.
             Was an Initiate of Okawaru.
             Slain by a river rat (8 damage)
             ... summoned by Eustachio
             ... on level 4 of the Dungeon.
             The game lasted 00:04:56 (3039 turns).

Arctor the Slasher (Demonspawn Gladiator)           Turns: 3039, Time: 00:04:56

Health: -3/41      AC:  4    Str: 13 (16) XL:     5   Next: 1%
Magic:  5/5        EV: 10    Int: 10 (12) God:    Okawaru [......]
Gold:   162        SH: 14    Dex: 11 (15) Spells: 4/4 levels left

rFire   . . .        n - +6 mace of the Hated {freeze, ^Fragile +Blink rPois}
rCold   . . .        f - +2 kite shield
rNeg    . . .        b - +0 leather armour
rPois   +            c - +0 helmet
rElec   .            (no cloak)
rCorr   .            (no gloves)
SInv    .            (no boots)
Will    .....        k - amulet of reflection
Stlth   +            (no ring)
HPRegen 0.26/turn    (no ring)
MPRegen 0.09/turn

%: reflection
@: no status effects
A: big brain 2, demonic magic 1
a: Renounce Religion, Evoke Blink


You were on level 4 of the Dungeon.
You worshipped Okawaru.
Okawaru was noncommittal.
You visited 1 branch of the dungeon, and saw 4 of its levels.

You collected 162 gold pieces.

Inventory:

Hand Weapons
 a - a +0 long sword
 n - the +6 mace of the Hated (weapon) {freeze, ^Fragile +Blink rPois}
   (You found it on level 3 of the Dungeon)

   rPois:     It protects you from poison +Blink: It lets you blink.
   ^Fragile:  It will be destroyed if unequipped.
Missiles
 d - 3 throwing nets (quivered)
 e - 3 javelins
Armour
 b - a +0 leather armour (worn)
 c - a +0 helmet (worn)
 f - a +2 kite shield (worn)
 h - a +0 pair of boots
 i - a +0 pair of gloves
 j - the orb of Zenuos {mayhem, rElec}
   (You found it on level 2 of the Dungeon)

   rElec:     It insulates you from electricity.
Jewellery
 k - an amulet of reflection (around neck)
Scrolls
 p - 3 scrolls of torment


   Skills:
 + Level 3.0 Fighting
 - Level 3.5 Long Blades
 + Level 0.4 Maces & Flails
 - Level 2.6 Throwing
 + Level 3.4 Dodging


You had 4 spell levels left.
You didn't know any spells.
Your spell library contained the following spells:

 Spells                   Type           Power      Damage    Failure   Level
 Magic Dart               Conj           0%         1d3       90%         1
 Blink                    Tloc           0%         N/A       97%         2
 Call Imp                 Summ           Unusable   N/A       N/A         2

Dungeon Overview and Level Annotations

Branches:
Dungeon (4/15)
 Temple: D:4-7

Altars:
Makhleb
Okawaru

Annotations:
D:4 Dowan, Duvessa, Eustachio


Innate Abilities, Weirdness & Mutations

You have an extremely huge brain. (Int +4)
Spells you cast may paralyse adjacent enemies.


Message History

The iron imp disappears in a puff of smoke!
You block the ufetubus's attack. x2; Eustachio hits you with a +0 rapier.
You block the ufetubus's attack. The ufetubus hits you.
Unknown command.
You aren't carrying any potions.
Okay, then.
Okay, then.
You closely miss Eustachio. You block the ufetubus's attack.
The ufetubus hits you but does no damage.
Eustachio hits you with a +0 rapier.
* * * LOW HITPOINT WARNING * * *
The ufetubus hits you.
* * * LOW HITPOINT WARNING * * *
The ufetubus misses you. Eustachio closely misses you.
You closely miss Eustachio. You block the ufetubus's attack. x3
The ufetubus hits you.
* * * LOW HITPOINT WARNING * * *
Eustachio closely misses you. The ufetubus hits you.
* * * LOW HITPOINT WARNING * * *
The ufetubus hits you.
* * * LOW HITPOINT WARNING * * *
You completely miss Eustachio. You block the ufetubus's attack.
The ufetubus closely misses you. You block Eustachio's attack.
You block the ufetubus's attack. The ufetubus closely misses you.
Eustachio mumbles some strange words.
Eustachio blinks!
Unknown command.
Okay, then.
The ufetubus closely misses you. You block the ufetubus's attack.
Eustachio is engulfed in poison gas.
Eustachio is poisoned.
You block the river rat's attack. You block the ufetubus's attack.
The ufetubus hits you but does no damage.
You block the ufetubus's attack. x2; Eustachio is engulfed in poison gas.
Eustachio looks even sicker.
You block the river rat's attack. You block the ufetubus's attack.
The ufetubus hits you.
* * * LOW HITPOINT WARNING * * *
Eustachio is engulfed in poison gas.
Eustachio looks even sicker.
Eustachio casts a spell.
Eustachio blinks!
The river rat bites you!
You die...

....# #..................#.....
....#...#§○§○§○§...........#.....
....#...#§§§☼@§§...........#.....
....#...#☼§☼§§§§...........#.....
....#...#§○§§§○☼5..........#.....
....#...#..§§§☼§§.......†..#.....
.)..#...#....§.............######
##'##...#######r###..............
#........§☼☼○§☼5@○#..............
#........☼§§§§§§§§#..............
#........○☼§○§§§○☼#..............
#........☼§○§§§§§§#..............
#........☼§§§§☼§§☼#..............
###################..............
.................................
.................................
.................................


You could see Eustachio (very poisoned), a river rat (summoned) and an ufetubus
(summoned).

Vanquished Creatures
  Jessica (D:2)
  2 gnolls
  2 adders (D:2)
  3 dart slugs
  A ribbon worm (D:2)
  6 orcs (D:3)
  An endoplasm (D:3)
  3 giant cockroaches
  5 hobgoblins
  2 jackals (D:2)
  5 quokkas
  3 ball pythons
  6 bats
  2 frilled lizards (D:1)
  7 goblins
  10 kobolds
  4 rats
63 creatures vanquished.

Notes
Turn   | Place    | Note
-------+----------+-------------------------------------------
     0 | D:1      | Arctor the Demonspawn Gladiator began the quest for the
                  | Orb.
     0 | D:1      | Reached XP level 1. HP: 16/16 MP: 1/1
   365 | D:1      | Gained mutation: You have an unusually large brain. (Int
                  | +2) [demonic ancestry]
   365 | D:1      | Reached XP level 2. HP: 11/22 MP: 2/2
   589 | D:1      | Gained mutation: You have an extremely huge brain. (Int +4)
                  | [demonic ancestry]
   589 | D:1      | Reached XP level 3. HP: 9/28 MP: 3/3
   916 | D:2      | Identified the orb of Zenuos {mayhem, rElec}
  1072 | D:2      | Reached XP level 4. HP: 34/34 MP: 4/4
  1103 | D:2      | Noticed Jessica
  1117 | D:2      | Killed Jessica
  1210 | D:2      | Found a faded altar of an unknown god.
  1642 | D:3      | Found a burning altar of Makhleb.
  1644 | D:3      | Identified the +6 mace of the Hated {freeze, ^Fragile
                  | +Blink rPois}
  1675 | D:3      | Found an iron altar of Okawaru.
  1744 | D:3      | Became a worshipper of Warmaster Okawaru
  2171 | D:4      | Noticed Eustachio
  2599 | D:4      | Noticed Dowan
  2600 | D:4      | Noticed Duvessa
  2896 | D:4      | Gained mutation: Spells you cast may paralyse adjacent
                  | enemies. [demonic ancestry]
  2896 | D:4      | Reached XP level 5. HP: 40/41 MP: 5/5
  3039 | D:4      | Slain by a river rat

Illustrated notes

Levels and vault maps discovered:
D:1:      evilmike_arrival_crescent, layout_basic, skrybe_limestone_x
D:2:      layout_basic, ebering_ecumenical_altar_rust, minmay_quadrilaterals,
          uniq_jessica
D:3:      layout_basic, grunt_temple_overflow_open
D:4:      layout_gridville, gammafunk_ghost_arena, uniq_eustachio, uniq_duvessa

Skill      XL: |  1  2  3  4 |
---------------+-------------+-----
Throwing       | 2 |  2.6
Long Blades    | 3 |  3.5
Dodging        | 3 |  3.4
Fighting       | 3 |  3.0
Maces & Flails | |  0.4

Action                     |  1- 3 |  4- 6 || total
---------------------------+-------+-------++-------
  Melee: Long sword        |   103 |    45 ||   148
         Mace              |       |    62 ||    62
    Use: Scroll            |       |     7 ||     7
         Potion            |       |     2 ||     2
   Stab: Sleeping          |     1 |     1 ||     2
 Armour: Leather armour    |    78 |    85 ||   163
  Dodge: Dodged            |    89 |   111 ||   200
  Block: Kite shield       |       |    56 ||    56
